 Dungeon Crawl Stone Soup version 0.23.2-40-g277498a001 (webtiles) character file.

Game seed: 8780275810567516696

7920 E5v7xujuF the Fighter (level 11, -16/106 HPs)
             Began as a Deep Dwarf Fighter on Sept 10, 2019.
             Was a Follower of Makhleb.
             Demolished by a very large slime creature (24 damage)
             ... on level 12 of the Dungeon on Sept 12, 2019.
             The game lasted 01:17:22 (8799 turns).

E5v7xujuF the Fighter (Deep Dwarf Fighter)          Turns: 8799, Time: 01:17:23

Health: -16/106    AC: 28    Str: 22    XL:     11   Next: 3%
Magic:  3/3        EV:  7    Int: 16    God:    Makhleb [*.....]
Gold:   584        SH: 11    Dex: 12    Spells: 10/10 levels left

rFire    . . .     SeeInvis .   a - +2 flail (protect)
rCold    . . .     Gourm    .   c - +0 shield
rNeg     . . .     Faith    .   E - +4 chain mail
rPois    .         Spirit   .   K - +0 hat
rElec    .         Reflect  .   q - +2 cloak
rCorr    .         Harm     .   o - +0 pair of gloves
MR       +....                  J - +0 pair of boots
Stlth    ++........             (no amulet)
HPRegen  0.00/turn              e - ring of stealth
MPRegen  0.08/turn              G - +6 ring of intelligence

@: protection aura, non-regenerating
A: damage resistance, heal wounds, sense surroundings 2, no regeneration
a: Heal Wounds, Renounce Religion


You were on level 12 of the Dungeon.
You worshipped Makhleb.
Makhleb was aware of your devotion.
You were not hungry.

You visited 1 branch of the dungeon, and saw 13 of its levels.

You collected 584 gold pieces.

Inventory:

Hand Weapons
 a - a +2 flail of protection (weapon)
 b - a +0 blowgun
 x - a +4 quarterstaff of chaos
 y - the cursed +3 mace of Sodypp {crush, rElec rPois MR+++ Int-3}
   (You found it on level 4 of the Dungeon)

   It inflicts extra damage upon your enemies.
   It affects your intelligence (-3).
   It insulates you from electricity.
   It protects you from poison.
   It affects your resistance to hostile enchantments.
   It has a curse placed upon it.
 F - a +0 war axe
 I - a +3 battleaxe
Missiles
 p - 8 poisoned needles
 s - 7 needles of paralysis
 M - 3 throwing nets (quivered)
Armour
 c - a +0 shield (worn)
 n - the +0 cloak of the Moon Troll {rF+}
   (You found it on level 4 of the Dungeon)

   It protects you from fire.
 o - a +0 pair of gloves (worn)
 q - a +2 cloak (worn)
 r - a +2 leather armour of positive energy
 E - a +4 chain mail (worn)
 J - a +0 pair of boots (worn)
 K - a +0 hat (worn)
Magical Staves
 C - an uncursed staff of fire
Jewellery
 e - a ring of stealth (left hand)
 v - an uncursed ring of fire
 G - a +6 ring of intelligence (right hand)
 Q - a +3 ring of intelligence
Wands
 D - a wand of paralysis (15)
 L - a wand of flame (12)
 O - a wand of random effects (13)
Scrolls
 g - 6 scrolls of enchant armour
 i - a scroll of remove curse
 l - 4 scrolls of enchant weapon
 u - 2 scrolls of teleportation
 A - a scroll of immolation {unknown}
 B - 3 scrolls of amnesia
 H - a scroll of blinking {unknown}
 N - a scroll of fear {unknown}
Potions
 d - 2 potions of might
 h - a potion of agility
 j - a potion of curing
 k - 2 potions of cancellation
 m - 4 potions of magic
 t - a potion of brilliance
 w - a potion of ambrosia
 z - a potion of haste {unknown}
 P - a potion of berserk rage {unknown}
 S - a potion of mutation {unknown}
 T - 2 potions of lignification {unknown}
Comestibles
 f - 11 rations
 R - 3 chunks of flesh


   Skills:
 * Level 9.4 Fighting
 + Level 8.1 Axes
 + Level 8.5 Armour
 + Level 8.8 Stealth
 + Level 8.3 Shields


You had 10 spell levels left.
You didn't know any spells.
Your spell library contained the following spells:

 Spells                   Type           Power        Failure   Level  Hunger
 Beastly Appendage        Tmut           #.....       98%         1    ##.....
 Confusing Touch          Hex            #.....       98%         1    ##.....
 Poisonous Vapours        Pois/Air       #.....       99%         2    ###....
 Sticks to Snakes         Tmut           #.......     99%         2    ###....
 Confuse                  Hex            #.......     100%        3    ####...
 Conjure Flame            Conj/Fire      #.......     100%        3    ####...
 Gell's Gravitas          Tloc           #.........   100%        3    ####...
 Mephitic Cloud           Conj/Pois/Air  #.......     100%        3    ####...
 Spider Form              Tmut/Pois      #.........   100%        3    ####...
 Ice Form                 Ice/Tmut       #.......     100%        4    #####..
 Petrify                  Tmut/Erth      #.......     100%        4    #####..
 Blade Hands              Tmut           #.........   100%        5    ######.
 Metabolic Englaciation   Hex/Ice        #.........   100%        5    ######.
 Yara's Violent Unravell  Hex/Tmut       #.........   100%        5    ######.
 Freezing Cloud           Conj/Ice/Air   #.........   100%        6    #######
 Ring of Flames           Chrm/Fire      #.........   100%        7    #######


Dungeon Overview and Level Annotations

Branches:
Dungeon (13/15)            Temple (0/1) D:7            Lair (0/6) D:11
    Orc: D:9-12      Vaults: D:13-14

Altars:
Dithmenos
Elyvilon
Gozag
Kikubaaqudgha
Makhleb
Nemelex Xobeh
Uskayaw
Vehumet
Wu Jian
Zin

Shops:
D:6 *

Annotations:
D:9 3 runed translucent doors, OrcJesus's ghost, journeyman OpTm


Innate Abilities, Weirdness & Mutations

You are resistant to damage.
You can heal yourself by infusing magical energy.
You passively map the area around you.
You do not regenerate.


Message History

You block the very large slime creature's attack.
You thump the very large slime creature!
The very large slime creature is moderately wounded.
You block the very large slime creature's attack.
You hit the very large slime creature.
The very large slime creature is moderately wounded.
You block the very large slime creature's attack.
You sock the very large slime creature!
The very large slime creature is moderately wounded.
The very large slime creature hits you!!
* * * LOW HITPOINT WARNING * * *
You hit the very large slime creature.
The very large slime creature is moderately wounded.
The very large slime creature hits you.
* * * LOW HITPOINT WARNING * * *
The very large slime creature hits you but does no damage.
You sock the very large slime creature!
The very large slime creature is moderately wounded.
The very large slime creature hits you!!
You die...

..................#
..................#
..................#
..................#
..................#
..................#
............''##'##
............####.#
##+##########* #@#
, ,, * #J# , * * *
#.# * * #.# * #.#
..# , ### , * *


You could see a very large slime creature.

Vanquished Creatures
  Harold (D:9)
  A hydra (D:12)
  A two-headed ogre (D:8)
  2 orc sorcerers (D:7)
  Joseph (D:7)
  A hippogriff (D:7)
  A wraith (D:10)
  A wyvern (D:12)
  3 yaks (D:9)
  Grum (D:8)
  Eustachio (D:4)
  A hungry ghost (D:12)
  Menkaure (D:5)
  3 ice beasts
  An orc warrior (D:7)
  A sky beast (D:8)
  3 ogres
  A phantom (D:5)
  A necrophage (D:9)
  3 centaurs
  2 wolves (D:8)
  Blork the orc (D:4)
  2 bullfrogs
  4 scorpions
  4 killer bees (D:9)
  4 wights (D:8)
  2 howler monkeys
  3 crimson imps
  6 hounds
  Crazy Yiuf (D:4)
  3 jellies
  5 orc priests
  12 orc wizards
  A centaur skeleton (D:6)
  A worker ant (D:8)
  2 iguanas
  A howler monkey zombie (D:6)
  A howler monkey skeleton (D:6)
  7 adders
  A shadow imp (D:6)
  2 oozes
  3 adder skeletons
  3 worms
  6 dart slugs
  3 leopard geckos
  39 orcs
  2 giant cockroaches (D:3)
  9 goblins
  7 hobgoblins
  A quokka (D:7)
  3 ball pythons
  9 bats
  8 frilled lizards
  A jackal skeleton (D:5)
  5 kobolds
  A leopard gecko skeleton (D:7)
  A leopard gecko zombie (D:5)
  11 rats
  2 fungi (D:4)
208 creatures vanquished.

Vanquished Creatures (others)
  4 toadstools (D:3)
4 creatures vanquished.

Grand Total: 212 creatures vanquished

Notes
Turn   | Place    | Note
-------+----------+-------------------------------------------
     0 | D:1      | E5v7xujuF the Deep Dwarf Fighter began the quest for the
                  | Orb.
     0 | D:1      | Reached XP level 1. HP: 20/20 MP: 1/1
    65 | D:1      | Reached XP level 2. HP: 22/27 MP: 2/2
   377 | D:1      | Reached skill level 3 in Fighting
   413 | D:1      | Reached XP level 3. HP: 25/34 MP: 3/3
  1263 | D:3      | Reached XP level 4. HP: 26/42 MP: 4/4
  1377 | D:3      | Found a sparkling altar of Nemelex Xobeh.
  2051 | D:4      | Noticed Eustachio
  2282 | D:4      | Killed Eustachio
  2282 | D:4      | Reached XP level 5. HP: 22/50 MP: 5/5
  2362 | D:4      | Reached XP level 6. HP: 23/57 MP: 6/6
  2385 | D:4      | Reached skill level 4 in Fighting
  2497 | D:4      | Found a shadowy altar of Dithmenos.
  2575 | D:4      | Noticed Blork the orc
  2586 | D:4      | Killed Blork the orc
  2701 | D:4      | Got an encrusted cloak
  2722 | D:4      | Identified the cursed +0 cloak of the Moon Troll {rF+} (You
                  | found it on level 4 of the Dungeon)
  2792 | D:4      | Reached XP level 7. HP: 30/66 MP: 6/6
  3082 | D:4      | Found a runed translucent door.
  3083 | D:4      | Noticed Crazy Yiuf
  3090 | D:4      | Killed Crazy Yiuf
  3097 | D:4      | Got a dazzling mace
  3128 | D:5      | Entered Level 5 of the Dungeon
  3160 | D:5      | Found an opulent altar of Gozag.
  3227 | D:5      | Identified the cursed +3 mace of Sodypp {crush, rElec rPois
                  | MR+++ Int-3} (You found it on level 4 of the Dungeon)
  3298 | D:5      | Reached skill level 5 in Armour
  3327 | D:5      | Found a glowing silver altar of Zin.
  3367 | D:5      | Reached skill level 5 in Shields
  3451 | D:5      | Reached skill level 5 in Fighting
  3515 | D:5      | Noticed Menkaure
  3524 | D:5      | Killed Menkaure
  3524 | D:5      | Reached skill level 5 in Axes
  3658 | D:5      | Reached XP level 8. HP: 47/75 MP: 7/7
  3990 | D:6      | Found Qisoris's General Store.
  4039 | D:6      | Found a white marble altar of Elyvilon.
  4427 | D:6      | Reached skill level 6 in Fighting
  4652 | D:6      | Reached skill level 5 in Stealth
  4896 | D:7      | Noticed a hippogriff
  4905 | D:7      | Killed a hippogriff
  4916 | D:7      | Noticed an orc sorcerer
  4916 | D:7      | Noticed an orc sorcerer
  4918 | D:7      | Noticed an orange demon
  4921 | D:7      | Paralysed by an orc sorcerer for 6 turns
  4930 | D:7      | Noticed a hellwing
  4934 | D:7      | Noticed a soul eater
  4937 | D:7      | Killed an orc sorcerer
  4937 | D:7      | Gained mutation: You passively map the area around you.
                  | [Deep Dwarf growth]
  4937 | D:7      | Reached XP level 9. HP: 52/85 MP: 8/8
  4947 | D:7      | Paralysed by an orc sorcerer for 3 turns
  4964 | D:7      | Noticed a rust devil
  4974 | D:7      | Noticed a red devil
  4974 | D:7      | Killed an orc sorcerer
  4974 | D:7      | Reached skill level 7 in Fighting
  5642 | D:7      | Noticed Joseph
  5670 | D:7      | Killed Joseph
  5789 | D:7      | Found a staircase to the Ecumenical Temple.
  6083 | D:7      | Found a burning altar of Makhleb.
  6102 | D:7      | Became a worshipper of Makhleb the Destroyer
  6409 | D:7      | Found a radiant altar of Vehumet.
  6458 | D:8      | Noticed a two-headed ogre
  6474 | D:8      | Killed a two-headed ogre
  6474 | D:8      | Reached skill level 8 in Fighting
  6474 | D:8      | Reached XP level 10. HP: 44/96 MP: 6/6
  6668 | D:8      | Found a hide-covered altar of Uskayaw.
  6669 | D:8      | Found an ancient bone altar of Kikubaaqudgha.
  6670 | D:8      | Found an ornate altar of the Wu Jian Council.
  6706 | D:8      | You fall through a shaft for 3 floors!
  6733 | D:10     | Entered Level 10 of the Dungeon
  7185 | D:8      | Noticed Grum
  7210 | D:8      | Killed Grum
  7611 | D:9      | Noticed Harold
  7644 | D:9      | Killed Harold
  7676 | D:9      | Reached skill level 9 in Fighting
  7993 | D:9      | Reached * piety under Makhleb
  8047 | D:9      | Found a runed translucent gate.
  8047 | D:9      | Found a runed translucent gate.
  8047 | D:9      | Found a runed translucent gate.
  8073 | D:9      | Noticed OrcJesus's ghost (journeyman OpTm)
  8317 | D:10     | You fall through a shaft for 3 floors!
  8317 | D:13     | Noticed a brown ugly thing
  8325 | D:13     | Noticed a centaur warrior
  8329 | D:13     | Noticed a two-headed ogre
  8701 | D:12     | Noticed a six-headed hydra
  8725 | D:12     | Killed a six-headed hydra
  8725 | D:12     | Reached XP level 11. HP: 49/106 MP: 3/3
  8799 | D:12     | Demolished by a very large slime creature

Skill      XL: |  1  2  3  4  5  6  7  8  9 10 |
---------------+-------------------------------+-----
Fighting       | 3 4 5 6 8 9 |  9.4
Axes           | 3 4 5 6 7 8 |  8.1
Armour         | 4 5 6 7 8 |  8.5
Stealth        | 2 3 4 5 7 8 |  8.8
Shields        | 4 5 6 7 8 |  8.3

Action                   |  1- 3 |  4- 6 |  7- 9 | 10-12 || total
-------------------------+-------+-------+-------+-------++-------
Melee: War axe           |   117 |   195 |   405 |    18 ||   735
       Flail             |       |       |       |   328 ||   328
 Fire: Blowgun           |       |    12 |     7 |    30 ||    49
 Abil: Heal Wounds       |       |     4 |    20 |    12 ||    36
Evoke: Wand              |       |       |       |     4 ||     4
  Use: Scroll            |       |     7 |     8 |     5 ||    20
       Potion            |       |     1 |     2 |     2 ||     5
 Stab: Sleeping          |       |     1 |     3 |     3 ||     7
       Distracted        |       |       |     2 |       ||     2
       Paralysed         |       |       |       |     3 ||     3
  Eat: Chunk             |     1 |     6 |    12 |     5 ||    24
       Ration            |       |       |       |     2 ||     2
Armor: Scale mail        |    58 |   148 |    73 |       ||   279
       Chain mail        |       |       |   113 |   240 ||   353
Dodge: Dodged            |    37 |    72 |    81 |   100 ||   290
Block: Shield            |    60 |   128 |   215 |   223 ||   626
